 Dungeon Crawl Stone Soup version 0.29-a0-2-g12fcac58f8 (webtiles) character file.

Game seed: 15778028560345971960

1936 croobank the Firebug (level 8, -5/57 HPs)
             Began as a Yellow Draconian Fire Elementalist on Jan 26, 2022.
             Slain by Edmund (6 damage)
             ... on level 6 of the Dungeon.
             The game lasted 00:36:47 (7186 turns).

croobank the Firebug (DrFE)                         Turns: 7186, Time: 00:36:48

Health: -5/57      AC:  7    Str: 10    XL:     8   Next: 97%
Magic:  12/15      EV: 13    Int: 19    God:
Gold:   280        SH:  0    Dex: 11    Spells: 14/17 levels left

rFire   . . .      SeeInvis .   y - +2 war axe (elec)
rCold   . . .      Faith    .   (no shield)
rNeg    . . .      Spirit   .   (armour unavailable)
rPois   .          Reflect  .   (helmet restricted)
rElec   .          Harm     .   g - +0 cloak
rCorr   +          Rampage  .   (no gloves)
Will    .....                   (no boots)
Stlth   +++.......              (no amulet)
HPRegen 0.19/turn               l - ring of flight
MPRegen 0.14/turn               (no ring)

@: short of breath, flying
A: spit acid, AC +6, unfitting armour, cold-blooded, acid resistance
a: Breathe Acid


You were on level 6 of the Dungeon.
You visited 1 branch of the dungeon, and saw 6 of its levels.

You collected 280 gold pieces.

Inventory:

Hand Weapons
 a - a +3 spear of venom
 b - a +0 hunting sling
 i - a +2 vampiric dagger
 q - a +1 vorpal falchion
 s - a +2 scythe of venom
 y - a +2 war axe of electrocution (weapon)
Missiles
 d - 240 stones
 e - 22 bolts
 f - 17 arrows
 o - 5 poisoned darts
Armour
 g - a +0 cloak (worn)
Magical Staves
 c - a staff of conjuration
Jewellery
 l - a ring of flight (left hand)
 m - a ring of positive energy
Wands
 h - a wand of flame (21)
 w - a wand of iceblast (13)
Scrolls
 j - a scroll of blinking
 k - 2 scrolls of immolation
 n - 2 scrolls of amnesia
 t - 6 scrolls of teleportation
 u - a scroll of fog
 x - a scroll of vulnerability {unknown}
Potions
 p - a potion of heal wounds
 r - a potion of curing {unknown}
 v - a potion of ambrosia {unknown}
 z - a potion of degeneration {unknown}


   Skills:
 + Level 5.0 Dodging
 + Level 5.4 Stealth
 + Level 5.1 Spellcasting
 + Level 5.2 Conjurations
 + Level 6.0 Fire Magic


You had 14 spell levels left.
You knew the following spells:

 Your Spells              Type           Power      Damage    Failure   Level
a - Foxfire               Conj/Fire      100%       2x1d9     1%          1
b - Scorch                Fire           54%        2d7       1%          2

Your spell library contained the following spells:

 Spells                   Type           Power      Damage    Failure   Level
 Conjure Flame            Conj/Fire      26%        6-21      3%          3
 Inner Flame              Hex/Fire       16%        N/A       11%         3
 Apportation              Tloc           8%         N/A       12%         1
 Pain                     Necr           16%        1d4       12%         1
 Flame Wave               Conj/Fire      26%        2d7       12%         4
 Agony                    Necr           4%         N/A       98%         5
 Alistair's Intoxication  Tmut/Pois      2%         N/A       98%         5
 Excruciating Wounds      Necr           2%         N/A       98%         5


Dungeon Overview and Level Annotations

Branches:
Dungeon (6/15)
 Temple: D:4-7

Altars:
Gozag
Ru
The Shining One

Annotations:
D:4 1 runed translucent door
D:6 Edmund


Innate Abilities, Weirdness & Mutations

You can spit globs of acid.
Your golden yellow scales are hard. (AC +6)
You cannot fit into any form of body armour.
You are cold-blooded and may be slowed by cold attacks.
You are resistant to acid. (rCorr)


Message History

Confirm with . or Enter, or press ? or * to list all spells.
You conjure some foxfire!
The foxfire hits Edmund!
Edmund is moderately wounded.
The foxfire hits Edmund.
Edmund is moderately wounded.
Casting: Foxfire (safe; 1% risk of failure)
Confirm with . or Enter, or press ? or * to list all spells.
Flames lash Edmund.
Edmund is moderately wounded.
Edmund's fire resistance burns away.
Edmund closely misses you.
You hit Edmund but do no damage.
Edmund is moderately wounded.
Edmund says, "People think my brother is the best.
I think he's crazy."
Edmund closely misses you.
Press: ? - help, Shift-Dir - straight line, f - Edmund
Aim: Edmund, wielding a +4 dire flail of protection and wearing a +0 leather armour (moderately wounded, more vulnerable to fire, 64% to hit)
You spit a glob of acid.
The glob of acid hits Edmund!
Edmund is severely wounded.
Edmund hits you with a +4 dire flail of protection!
You hit Edmund.
Edmund is severely wounded.
Edmund is no longer more vulnerable to fire.
Edmund hits you with a +4 dire flail of protection.
Edmund barely misses you.
You hit Edmund.
Edmund is almost dead.
Edmund hits you with a +4 dire flail of protection!
You closely miss Edmund.
Edmund is almost dead.
Edmund hits you with a +4 dire flail of protection. x2
You barely miss Edmund.
Your tail-slap misses Edmund.
Edmund is almost dead.
Edmund hits you with a +4 dire flail of protection!
* * * LOW HITPOINT WARNING * * *
You closely miss Edmund. You tail-slap Edmund, but do no damage.
Edmund is almost dead.
Edmund hits you with a +4 dire flail of protection!
* * * LOW HITPOINT WARNING * * *
Edmund hits you with a +4 dire flail of protection.
You die...

#>..# #..........).
#####?..###.#.#<.#.#.
#... #.#.#.##.#.
###... ####.#....#.
###.... ...#########.
###...... ....$
#.....
#_.....8###8..[.
###.##
#...(@.#......###...#
#..@.8..?.###...###
###.....###...###
#.....#^..###
##...##.### #...#..#
##.##.## #.#..#
#'#.## #...#


You could see Edmund.

Vanquished Creatures
  Grinder (D:3)
  Sigmund (D:5)
  Eustachio (D:6)
  2 black bears
  2 sky beasts
  2 ogres
  4 phantoms
  A scorpion (D:5)
  A water moccasin skeleton (D:6)
  A wyvern skeleton (D:6)
  A bullfrog zombie (D:5)
  2 orc priests
  2 iguanas (D:5)
  2 scorpion zombies (D:5)
  2 orc wizards
  Robin (D:3)
  3 gnolls (D:2)
  6 adders
  A white imp (D:5)
  An ufetubus (D:5)
  2 worms
  2 dart slugs
  12 orcs
  7 bats
  2 endoplasms
  3 giant cockroaches (D:1)
  16 goblins
  9 hobgoblins
  4 jackals (D:1)
  6 quokkas
  7 ball pythons
  5 frilled lizards
  5 kobolds
  6 rats
123 creatures vanquished.

Vanquished Creatures (others)
  276 foxfires
276 creatures vanquished.

Grand Total: 399 creatures vanquished

Notes
Turn   | Place    | Note
-------+----------+-------------------------------------------
     0 | D:1      | croobank the Draconian Fire Elementalist began the quest
                  | for the Orb.
     0 | D:1      | Reached XP level 1. HP: 14/14 MP: 3/3
   513 | D:1      | Reached XP level 2. HP: 20/20 MP: 0/5
   516 | D:1      | Learned a level 2 spell: Scorch
  1093 | D:1      | Found a faded altar of an unknown god.
  1190 | D:1      | Reached XP level 3. HP: 6/26 MP: 3/6
  2051 | D:2      | Found a glowing golden altar of the Shining One.
  2183 | D:2      | Reached XP level 4. HP: 31/33 MP: 1/7
  2785 | D:3      | Noticed Robin
  3099 | D:3      | Killed Robin
  3464 | D:3      | Reached XP level 5. HP: 38/38 MP: 5/9
  3713 | D:3      | Noticed Grinder
  3715 | D:3      | Paralysed by Grinder for 6 turns
  3747 | D:3      | Paralysed by Grinder for 2 turns
  4060 | D:4      | Noticed a black bear
  4070 | D:4      | Killed a black bear
  4225 | D:4      | Noticed an ogre
  4244 | D:4      | Found an opulent altar of Gozag.
  4251 | D:4      | Noticed a phantom
  4294 | D:4      | Found a runed translucent door.
  4302 | D:3      | Reached skill level 4 in Fire Magic
  4584 | D:3      | Paralysed by Grinder for 2 turns
  4589 | D:3      | Paralysed by Grinder for 2 turns
  4596 | D:3      | Killed Grinder
  4597 | D:3      | Reached XP level 6. HP: 30/45 MP: 0/11
  5206 | D:5      | Entered Level 5 of the Dungeon
  5276 | D:5      | Your scales start taking on a golden yellow colour.
  5276 | D:5      | Reached XP level 7. HP: 50/50 MP: 8/12
  5276 | D:5      | Gained mutation: You are resistant to acid. (rCorr) [Yellow
                  | Draconian growth]
  5815 | D:5      | Reached skill level 5 in Fire Magic
  5937 | D:5      | Reached XP level 8. HP: 57/57 MP: 9/14
  6343 | D:5      | Noticed Sigmund
  6356 | D:5      | Killed Sigmund
  6357 | D:5      | Reached skill level 5 in Stealth
  6428 | D:5      | Found a sacrificial altar of Ru.
  6897 | D:6      | Noticed Eustachio
  6901 | D:6      | Reached skill level 5 in Spellcasting
  6901 | D:6      | Reached skill level 5 in Conjurations
  6904 | D:6      | Killed Eustachio
  6925 | D:6      | Reached skill level 5 in Dodging
  6925 | D:6      | Reached skill level 6 in Fire Magic
  7168 | D:6      | Found a glowing golden altar of the Shining One.
  7172 | D:6      | Noticed Edmund
  7186 | D:6      | HP: 1/57 [Edmund (12)]
  7186 | D:6      | Slain by Edmund

Illustrated notes

Levels and vault maps discovered:
D:1:      psy_arrival_radial02, layout_basic,
          hellmonk_ecumenical_altar_prayer_group, minmay_misc_feat_tiny
D:2:      layout_basic, minivault_24, kennysheep_flooded_box
D:3:      layout_rooms, minivault_24, uniq_robin, uniq_grinder
D:4:      layout_rooms, nicolae_gozag_cash_rules_everything_around_me,
          general_overflow_altar, serial_shops, kennysheep_mini,
          ebering_ghost_sewer_f, interstate_on_off
D:5:      layout_basic, nicolae_ru_path_of_blood, grunt_ministairs_9,
          st_stairs_2, hangedman_decor_diamond_cutter, minmay_circle_x,
          uniq_sigmund
D:6:      layout_basic, minmay_overflow_temple_star_quad, uniq_eustachio,
          uniq_edmund

Skill      XL: |  1  2  3  4  5  6  7  8 |
---------------+-------------------------+-----
Stealth        | 2 3 4 5 |  5.4
Dodging        | 2 3 4 5 |  5.0
Conjurations   | 2 3 4 5 |  5.2
Spellcasting   | 3 4 5 |  5.1
Fire Magic     | 4 5 6 |  6.0

Action                   |  1- 3 |  4- 6 |  7- 9 || total
-------------------------+-------+-------+-------++-------
Melee: Unarmed           |    58 |    12 |       ||    70
       Tailslap          |     5 |     8 |     4 ||    17
       Punch             |     2 |     2 |       ||     4
       Spear             |       |    29 |    21 ||    50
       War axe           |       |       |     6 ||     6
 Cast: Foxfire           |    54 |    69 |    39 ||   162
       Scorch            |     4 |    27 |    46 ||    77
 Abil: Breathe Acid      |       |       |     4 ||     4
  Use: Scroll            |       |     7 |     2 ||     9
       Potion            |       |     3 |     2 ||     5
 Stab: Sleeping          |       |       |     1 ||     1
Armor: Skin              |    53 |    40 |    17 ||   110
Dodge: Dodged            |   103 |    80 |    20 ||   203

Table legend: (Time is in decaauts)
 A = Elapsed time spent in this place.
 B = Non-inter-level travel time spent in this place.
 C = Inter-level travel time spent in this place.
 D = Time resting spent in this place.
 E = Time spent auto-exploring this place.
 F = Levels seen in this place.
 G = Mean time per level.
                   A        B        C        D        E       F      G
               +--------+--------+--------+--------+--------+-----+--------+
         Total |   7175 |   7039 |    136 |   1676 |   3939 |   6 | 1195.8 |
       Dungeon |   7175 |   7039 |    136 |   1676 |   3939 |   6 | 1195.8 |
               +--------+--------+--------+--------+--------+-----+--------+

Top non-repeatable levels by time:
     D:2: 1788 daAuts
     D:1: 1536 daAuts
     D:3: 1374 daAuts
     D:5: 1274 daAuts
     D:6: 696 daAuts
     D:4: 506 daAuts
